 Dungeon Crawl Stone Soup version 0.21.1-1-g345015f (webtiles) character file.

22 raistware the Conjurer (level 2, -3/19 HPs)
             Began as a Mummy Conjurer on Mar 31, 2018.
             Slain by a hobgoblin
             ... wielding a +0 club
             ... led by Robin
              (6 damage)
             ... on level 1 of the Dungeon.
             The game lasted 00:04:58 (1177 turns).

raistware the Conjurer (Mummy Conjurer)             Turns: 1177, Time: 00:04:58

Health: -3/19      AC:  2    Str: 11    XL:     2   Next: 68%
Magic:  4/5        EV: 12    Int: 14    God:
Gold:   43         SH:  0    Dex: 12    Spells: 3/6 levels left

rFire    x . .     SeeInvis .   c - +0 dagger
rCold    + . .     Gourm    .   (no shield)
rNeg     + + +     Faith    .   a - +0 robe
rPois    ∞         Spirit   .   (no helmet)
rElec    .         Reflect  .   (no cloak)
rCorr    .         Harm     .   (no gloves)
MR       .....                  (no boots)
Stlth    ++........             (no amulet)
HPRegen  0.06/turn              (no ring)
MPRegen  0.09/turn              (no ring)

@: no status effects
A: no food or potions, fire vulnerability, cold resistance 1, negative energy
resistance 3, torment resistance, unbreathing
a: no special abilities


You were on level 1 of the Dungeon.
You were not hungry.

You visited 1 branch of the dungeon, and saw 2 of its levels.

You collected 43 gold pieces.

Inventory:

Hand Weapons
 c - a +0 dagger (weapon)
Missiles
 g - 10 sling bullets
Armour
 a - a +0 robe (worn)
Scrolls
 d - 4 scrolls of identify {unknown}
 e - a scroll of fog {unknown}
 f - a scroll of teleportation {unknown}
 h - a scroll of enchant armour {unknown}
Books
 b - a book of Conjurations

   Spells                             Type                      Level
   a - Magic Dart                     Conjuration                  1
   b - Searing Ray                    Conjuration                  2
   c - Dazzling Spray                 Conjuration/Hexes            3
   d - Fulminant Prism                Conjuration/Hexes            4
   e - Force Lance                    Conjuration/Translocation    4
   f - Iskenderun's Mystic Blast      Conjuration                  4


   Skills:
 - Level 1.5 Dodging
 - Level 1.5 Stealth
 - Level 2.6 Spellcasting
 + Level 4.0 Conjurations


You had 3 spell levels left.
You knew the following spells:

 Your Spells              Type           Power        Failure   Level  Hunger
a - Magic Dart            Conj           ##..         4%          1    N/A
b - Searing Ray           Conj           ##....       6%          2    N/A

Dungeon Overview and Level Annotations

Branches:
Dungeon (2/15)

Altars:

Annotations:
D:2 Robin


Innate Abilities, Weirdness & Mutations

You do not eat or drink.
Your flesh is vulnerable to fire.
You are immune to poison.
Your flesh is cold resistant. (rC+)
You are immune to negative energy. (rN+++)
You are immune to unholy pain and torment.
You can survive without breathing.


Message History

The goblin hits you with a dagger.
* * * LOW HITPOINT WARNING * * *
You see here a bat corpse.
There is a stone staircase leading up here.
The goblin no longer looks unusually strong.
Robin roars a battlecry!
The goblin goes into a battle-frenzy!
The goblin hits you but does no damage.
You climb upwards.
There is a stone staircase leading down here.
Casting: Magic Dart
Confirm with . or Enter, or press ? or * to list all spells.
Aiming: Magic Dart
Press: ? - help, Shift-Dir - straight line, f - hobgoblin
Aim: a hobgoblin, wielding a club (unusually strong)
The magic dart hits the hobgoblin.
The hobgoblin is heavily wounded.
The goblin no longer looks unusually strong.
The hobgoblin hits you with a club.
You die...

#†#
##..#..#.###.#.####
#.#
##...............##P
#.#
##.......#.........♣≈
#.#
#........######...♣P≈
#.#######......#.#
##.##♣≈
#.........#...##.#
#.# #≈
############g###.#
#.# ## #g# #.# #.####
#@# #.#### #..... #g#
#....## #####.
#.###%....# #.
#.........#######.
#####......)...(..
#...........####.
#.##.#..###.# #..
#.##.#..###.###..
#.##.#....!......


You could see a hobgoblin and 2 goblins.

Vanquished Creatures
  2 dart slugs (D:1)
  A leopard gecko (D:1)
  2 hobgoblins (D:1)
  4 bats
  A frilled lizard (D:1)
  5 kobolds (D:1)
  4 rats (D:1)
19 creatures vanquished.

Notes
Turn   | Place    | Note
-------+----------+-------------------------------------------
     0 | D:1      | raistware the Mummy Conjurer began the quest for the Orb.
     0 | D:1      | Reached XP level 1. HP: 13/13 MP: 4/4
   277 | D:1      | Reached XP level 2. HP: 17/19 MP: 2/5
   812 | D:1      | Learned a level 2 spell: Searing Ray
   908 | D:1      | Reached skill level 4 in Conjurations
  1162 | D:2      | Noticed Robin
  1177 | D:1      | Slain by a hobgoblin

Skill      XL: |  1  2 |
---------------+-------+-----
Conjurations   | 4 |  4.0
Dodging        | |  1.5
Stealth        | |  1.5
Spellcasting   | |  2.6

Action                   || total
-------------------------++-------
Melee: Dagger            ||     5
 Cast: Magic Dart        ||    37
 Stab: Sleeping          ||     1
Armor: Robe              ||     3
Dodge: Dodged            ||     8
